 Dungeon Crawl Stone Soup version 0.20-a0-640-g62ed22f (webtiles) character file.

245 HarryHood the Skirmisher (level 6, -1/41 HPs)
             Began as a Gargoyle Berserker on Feb 12, 2017.
             Was a Priest of Trog.
             Slain by an ogre
             ... wielding a +0 giant club
              (5 damage)
             ... on level 4 of the Dungeon.
             The game lasted 00:10:46 (2799 turns).

HarryHood the Skirmisher (Gargoyle Berserker)       Turns: 2799, Time: 00:10:47

Health: -1/41      AC: 13    Str: 20    XL:     6   Next: 10%
Magic:  6/6        EV:  7    Int:  8    God:    Trog [***...]
Gold:   163        SH:  3    Dex: 11    Spells: 5/5 levels left

rFire    . . .     SeeInvis .   a - +1 mace
rCold    + . .     Gourm    .   q - +0 chain mail
rNeg     + . .     Faith    .   j - +0 buckler
rPois    ∞         Spirit   .   (no helmet)
rElec    +         Reflect  .   (no cloak)
rCorr    .         Harm     .   (no gloves)
MR       .....                  (no boots)
Stlth    ..........             (no amulet)
Regen    0.2/turn               (no ring)
MPRegen  0.1/turn               m - ring of protection from cold

@: very slightly contaminated, invisible (expiring)
A: negative energy resistance 1, electricity resistance, unbreathing,
petrification resistance, rot immunity, AC +4
a: Berserk, Trog's Hand, Burn Spellbooks, Renounce Religion


You were on level 4 of the Dungeon.
You worshipped Trog.
Trog was most pleased with you.
You were not hungry.

You visited 1 branch of the dungeon, and saw 4 of its levels.

You collected 163 gold pieces.

Inventory:

Hand Weapons
 a - a +1 mace (weapon)
Armour
 j - a +0 buckler (worn)
 q - a +0 chain mail (worn)
Jewellery
 m - a ring of protection from cold (left hand)
Potions
 b - a potion of magic {unknown}
 e - a potion of flight
 g - a potion of lignification {unknown}
 h - a potion of might {unknown}
 i - a potion of agility {unknown}
 k - a potion of heal wounds {unknown}
 n - a potion of haste {unknown}
 o - a potion of curing {unknown}
 p - a potion of invisibility
 r - a potion of mutation {unknown}
Comestibles
 c - 2 bread rations {@e1}
 d - 3 chunks of flesh
 f - 4 fruits {@e2}
 l - 3 royal jellies {=g@e3}


   Skills:
 - Level 6.1 Fighting
 * Level 4.6 Maces & Flails
 - Level 2.1 Armour
 - Level 1.5 Dodging


You had 5 spell levels left.
You didn't know any spells.

Dungeon Overview and Level Annotations

Branches:
Dungeon (4/15)
 Temple: D:4-7

Altars:
Zin


Innate Abilities, Weirdness & Mutations

You are resistant to torment.
Your stone body is resilient. (AC +4)
You are immune to poison.
You resist negative energy. (rN+)
You are resistant to electric shocks. (rElec)
You can survive without breathing.
You are immune to petrification.
You are immune to rotting.


Message History

The giant cockroach bites you but does no damage.
You are very lightly contaminated with residual magic.
You sock the giant cockroach!
You kill the giant cockroach!
Trog accepts your kill.
Some of the chunks of flesh in your inventory have rotted away.
You aren't carrying any spellbooks or scrolls.
You flicker for a moment.
Okay, then.
You completely miss the ogre.
The ogre is moderately wounded.
The ogre barely misses you.
You strike the helpless ogre from behind!
You sock the ogre!
The ogre is severely wounded.
The ogre closely misses you.
You barely miss the ogre.
The ogre is severely wounded.
The ogre hits you with a giant club.
You die...

# #?#######
..#.#.......######.
...................
##.....###.######
#####.###.<#
..#......#
####.#......#
#)..O#.....##
###.##.@...#.#
#.###....#.#...#.#
#........#.#.....#
#.##(.†..#.#........
#...........#....
>..................
##.##......#####....
#. #....#.# .... .
.......#


You could see an ogre.

Vanquished Creatures
  An orc wizard (D:3)
  3 gnolls (D:3)
  10 adders
  3 worms
  A dart slug (D:3)
  3 leopard geckos
  3 orcs (D:3)
  5 giant cockroaches
  10 goblins
  7 hobgoblins
  8 jackals
  2 ball pythons
  10 bats
  2 frilled lizards
  8 kobolds
  8 rats
84 creatures vanquished.

Notes
Turn   | Place    | Note
-------+----------+-------------------------------------------
     0 | D:1      | HarryHood the Gargoyle Berserker began the quest for the Orb.
     0 | D:1      | Reached XP level 1. HP: 14/14 MP: 1/1
   276 | D:1      | Reached XP level 2. HP: 20/20 MP: 2/2
   341 | D:1      | Reached skill level 4 in Fighting
   682 | D:1      | Reached ** piety under Trog
   684 | D:1      | Reached XP level 3. HP: 20/24 MP: 3/3
   990 | D:2      | Reached skill level 5 in Fighting
  1235 | D:2      | Reached XP level 4. HP: 30/31 MP: 4/4
  1953 | D:3      | Reached skill level 6 in Fighting
  1953 | D:3      | Reached XP level 5. HP: 32/36 MP: 5/5
  2109 | D:3      | Found a glowing silver altar of Zin.
  2132 | D:3      | Reached *** piety under Trog
  2344 | D:3      | Reached skill level 4 in Maces & Flails
  2585 | D:3      | Reached XP level 6. HP: 38/41 MP: 6/6
  2785 | D:4      | HP: 2/41 [ogre/giant club (13)]
  2799 | D:4      | Slain by an ogre

Vault maps used:
D:1:      minmay_arrival_five_plusses, minmay_strange_pillars
D:3:      lemuel_doored_altar
D:4:      kennysheep_little_box

Skill      XL: |  1  2  3  4  5 |
---------------+----------------+-----
Fighting       | 4 5 6 |  6.1
Maces & Flails | 4 |  4.6
Armour         | |  2.1
Dodging        | |  1.5

Action                   |  1- 3 |  4- 6 || total
-------------------------+-------+-------++-------
Melee: Mace              |   141 |   184 ||   325
Invok: Berserk           |       |     1 ||     1
  Use: Scroll            |     4 |     3 ||     7
       Potion            |       |     1 ||     1
 Stab: Invisible         |       |     1 ||     1
  Eat: Chunk             |     1 |     2 ||     3
       Bread ration      |       |     1 ||     1
Armor: Animal skin       |    51 |       ||    51
       Chain mail        |    31 |   106 ||   137
Dodge: Dodged            |   131 |    87 ||   218
Block: Buckler           |       |     6 ||     6
